Construct Infanterie Kompanie
Construct Panzergrenadier Kompanie
Construct Luftwaffe Kompanie
Selects Mechanized Battlegroup
Luftwaffe Officer Quarters
Selects Mobile Repair Stations
Selects Wespe Self-propelled Artillery
Wespe Self-propelled Artillery
Wespe Self-propelled Artillery
Wespe Self-propelled Artillery
Construct Panzer Kompanie
Selects StuG Assault Group
Selects UNKNOWN (2160084)
Selects Zeroing Artillery Barrage
Wespe Self-propelled Artillery
Wespe Self-propelled Artillery
Zeroing Artillery Barrage